 Dungeon Crawl Stone Soup version 0.29-a0-297-g7659ce593d (webtiles) character file.

Game seed: 18213613988171937637

65 Dabor the Ruffian (level 4, 0/22 HPs)
             Began as a Vine Stalker Transmuter on Mar 21, 2022.
             Killed from afar by Sigmund (5 damage)
             ... with a puff of flame
             ... on level 2 of the Dungeon.
             The game lasted 00:03:59 (1986 turns).

Dabor the Ruffian (Vine Stalker Transmuter)         Turns: 1986, Time: 00:04:00

Health: 0/22       AC:  4    Str: 15    XL:     4   Next: 13%
Magic:  0/9        EV: 16    Int: 13    God:
Gold:   52         SH:  0    Dex: 14    Spells: 5/8 levels left

rFire   . . .      SeeInvis .     - Unarmed
rCold   . . .      Faith    .   (no shield)
rNeg    . . .      Spirit   +   j - +0 robe {Archmagi}
rPois   .          Reflect  .   c - +0 helmet
rElec   .          Harm     .   (no cloak)
rCorr   .          Rampage  .   (no gloves)
Will    .....      Archmagi +   k - +0 pair of boots
Stlth   +.........              (no amulet)
HPRegen 0.87/turn               b - +4 ring of evasion
MPRegen 0.11/turn               (no ring)

@: confused
A: fangs 2, regeneration 1, magic shield, antimagic bite, no potion heal 2
a: no special abilities


You were on level 2 of the Dungeon.
You visited 1 branch of the dungeon, and saw 2 of its levels.

You collected 52 gold pieces.

Inventory:

Armour
 c - a +0 helmet (worn)
 j - a +0 robe of the Archmagi (worn)
 k - a +0 pair of boots (worn)
Jewellery
 b - a +4 ring of evasion (left hand)
 d - a ring of fire
Scrolls
 a - a scroll of noise {unknown}
 e - a scroll of fear
 h - a scroll of acquirement {unknown}
 l - a scroll of immolation {unknown}
 m - a scroll of torment {unknown}
 o - a scroll of enchant weapon {unknown}
 p - a scroll of magic mapping {unknown}
Potions
 f - a potion of resistance {unknown}
 g - a potion of might {unknown}
 i - 3 potions of degeneration {unknown}
 n - a potion of haste {unknown}
 q - a potion of brilliance {unknown}


   Skills:
 * Level 1.6 Fighting
 + Level 2.1 Dodging
 + Level 3.4 Unarmed Combat
 + Level 2.7 Spellcasting
 * Level 2.5 Transmutations


You had 5 spell levels left.
You knew the following spells:

 Your Spells              Type           Power      Damage    Failure   Level
a - Beastly Appendage     Tmut           24%        N/A       9%          1
b - Wereblood             Tmut           12%        N/A       12%         2

Your spell library contained the following spells:

 Spells                   Type           Power      Damage    Failure   Level
 Spider Form              Tmut/Pois      7%         N/A       38%         3
 Ice Form                 Ice/Tmut       7%         N/A       80%         4
 Blade Hands              Tmut           6%         N/A       92%         5
 Irradiate                Conj/Tmut      3%         3d14      98%         5
 Dragon Form              Tmut           6%         N/A       100%        7


Dungeon Overview and Level Annotations

Branches:
Dungeon (2/15)

Altars:

Annotations:
D:2 Sigmund


Innate Abilities, Weirdness & Mutations

You have extremely sharp teeth.
Your natural rate of healing is unusually fast.
When hurt, damage is shared between your health and your magic reserves.
Your bite disrupts and absorbs the magic of your enemies.
Potions cannot restore your health.


Message History

Sigmund casts a spell at you. The magic dart hits you.
Casting: Beastly Appendage (safe; 9% risk of failure)
Confirm with . or Enter, or press ? or * to list all spells.
You feel a surge of power!
Your blood is infused with primal strength.
Casting: Wereblood (safe; 12% risk of failure)
Confirm with . or Enter, or press ? or * to list all spells.
You feel a surge of power!
You grow a pair of large bovine horns.
Your feet morph into talons.
Your +0 helmet melds into your body.
Your +0 pair of boots melds into your body.
Sigmund casts a spell.
Sigmund flickers and vanishes!
Deactivating autopickup; reactivate with Ctrl-A.
As you read the scroll labelled NOALUJIATOC, it crumbles to dust.
You assume a fearsome visage.
It was a scroll of fear.
Your transformation is almost over.
You see here a glowing white potion.
q - a glowing white potion
There is a stone staircase leading down here.
Your horns disappear.
Your talons disappear.
Your +0 helmet unmelds from your body.
Your +0 pair of boots unmelds from your body.
Your primal bloodlust is almost over.
You are confused.
You're too confused to move!
You're too confused to move!
You hear some strange, mumbled words.
You are more confused.
Something hits you! Something freezes you.
You're too confused to move!
Your primal bloodlust has ended.
Something hits you. Something freezes you.
A puff of flame appears from out of thin air!
The puff of flame hits you!
* * * LOW HITPOINT WARNING * * *
A puff of flame appears from out of thin air!
The puff of flame hits you.
You die...

....## .....# ########
#....######### ##......##
####..........##........##
###......................#
.........................#
..†.................{....#
#........................#
#...............@........#
..............=.........##
###......................#
..##..........#..........#
8.<############..........#
..##### #..........#
###...# #....>.....#
...##.# ##........##
.#.##.# ##......##


There were no monsters in sight!

Vanquished Creatures
  2 adders (D:2)
  A worm (D:2)
  A dart slug (D:1)
  3 orcs (D:2)
  3 ball pythons
  5 bats
  An endoplasm (D:1)
  2 giant cockroaches
  2 goblins
  4 hobgoblins
  4 kobolds (D:1)
  A quokka (D:1)
  3 frilled lizards
  9 rats
41 creatures vanquished.

Notes
Turn   | Place    | Note
-------+----------+-------------------------------------------
     0 | D:1      | Dabor the Vine Stalker Transmuter began the quest for the
                  | Orb.
     0 | D:1      | Reached XP level 1. HP: 9/9 MP: 4/4
    41 | D:1      | Reached skill level 1 in Fighting
   219 | D:1      | Reached XP level 2. HP: 11/14 MP: 4/6
   433 | D:1      | Found a faded altar of an unknown god.
   655 | D:1      | Learned a level 2 spell: Wereblood
   936 | D:1      | Reached XP level 3. HP: 11/18 MP: 2/7
  1577 | D:2      | Identified the +3 short sword "Joowos" {freeze, Drain
                  | Will++}
  1856 | D:2      | Gained mutation: Your natural rate of healing is unusually
                  | fast. [Vine Stalker growth]
  1856 | D:2      | Reached XP level 4. HP: 17/22 MP: 6/9
  1953 | D:2      | Noticed Sigmund
  1986 | D:2      | Killed from afar by Sigmund

Illustrated notes

Levels and vault maps discovered:
D:1:      lightli_arrival_isolated_outpost, layout_basic,
          shapermc_ecumenical_altar_starsandcircs
D:2:      layout_rooms, serial_curves, eino_curves_02, eino_curves_01,
          grunt_ministairs_5, kennysheep_boxes, uniq_sigmund

Skill      XL: |  1  2  3 |
---------------+----------+-----
Fighting       | 1 |  1.6
Dodging        | 2 |  2.1
Unarmed Combat | |  3.4
Spellcasting   | |  2.7
Transmutations | |  2.5

Action                   |  1- 3 |  4- 6 || total
-------------------------+-------+-------++-------
Melee: Unarmed           |   121 |     7 ||   128
       Bite              |    20 |     1 ||    21
       Punch             |     4 |       ||     4
       Headbutt          |     6 |     1 ||     7
       Kick              |     8 |     2 ||    10
 Cast: Beastly Appendage |    10 |     2 ||    12
       Wereblood         |       |     1 ||     1
  Use: Potion            |     1 |       ||     1
       Scroll            |       |     1 ||     1
Armor: Robe              |    29 |     1 ||    30
       Skin              |     8 |       ||     8
Dodge: Dodged            |    92 |     3 ||    95

Table legend: (Time is in decaauts)
 A = Elapsed time spent in this place.
 B = Non-inter-level travel time spent in this place.
 C = Inter-level travel time spent in this place.
 D = Time resting spent in this place.
 E = Time spent auto-exploring this place.
 F = Levels seen in this place.
 G = Mean time per level.
                   A        B        C        D        E       F      G
               +--------+--------+--------+--------+--------+-----+--------+
         Total |   2001 |   1802 |    199 |    401 |    943 |   2 | 1000.5 |
       Dungeon |   2001 |   1802 |    199 |    401 |    943 |   2 | 1000.5 |
               +--------+--------+--------+--------+--------+-----+--------+

Top non-repeatable levels by time:
     D:1: 1373 daAuts
     D:2: 627 daAuts
